 Dungeon Crawl Stone Soup version 0.28.0-53-g5a82cb258f (webtiles) character file.

Game seed: 2454470022007687803

170 ILmort the Chopper (level 5, -2/47 HPs)
             Began as a Hill Orc Fighter on Aug 26, 2022.
             Slain by a sky beast (6 damage)
             ... on level 2 of the Dungeon.
             The game lasted 00:06:24 (2019 turns).

ILmort the Chopper (Hill Orc Fighter)               Turns: 2019, Time: 00:06:24

Health: -2/47      AC: 11    Str: 21    XL:     5   Next: 51%
Magic:  5/5        EV:  5    Int:  8    God:
Gold:   76         SH:  4    Dex: 10    Spells: 4/4 levels left

rFire   . . .      SeeInvis .   a - +0 war axe
rCold   . . .      Faith    .   c - +0 buckler
rNeg    . . .      Spirit   .   e - +0 plate armour
rPois   .          Reflect  .   (no helmet)
rElec   .          Harm     .   (no cloak)
rCorr   .          Rampage  .   (no gloves)
Will    .....                   (no boots)
Stlth   ..........              j - amulet of regeneration
HPRegen 0.95/turn               (no ring)
MPRegen 0.09/turn               (no ring)

@: mighty, lethally poisoned (-2 -> -5)
A: no striking features
a: no special abilities


You were on level 2 of the Dungeon.
You visited 1 branch of the dungeon, and saw 3 of its levels.

You collected 76 gold pieces.

Inventory:

Hand Weapons
 a - a +0 war axe (weapon)
Armour
 b - a +0 scale mail
 c - a +0 buckler (worn)
 e - a +0 plate armour (worn)
Jewellery
 j - an amulet of regeneration (around neck)
 k - a ring of ice
 n - an amulet of faith
Scrolls
 f - a scroll of fear {unknown}
 g - 3 scrolls of blinking {unknown}
 h - a scroll of teleportation {unknown}
 i - a scroll of torment {unknown}
 m - a scroll of amnesia {unknown}
 o - 3 scrolls of magic mapping {unknown}
Potions
 l - a potion of degeneration {unknown}


   Skills:
 + Level 4.7 Fighting
 * Level 5.5 Axes
 + Level 4.3 Armour
 - Level 3.2 Shields


You had 4 spell levels left.
You didn't know any spells.
Your spell library was empty.

Dungeon Overview and Level Annotations

Branches:
Dungeon (3/15)

Altars:
Kikubaaqudgha

Shops:
D:1 (*[


Message History

Deactivating autopickup; reactivate with Ctrl-A.
Something hits you but does no damage.
You miss something. You hit the scorpion.
You feel sick.
The scorpion stings you but does no damage.
A sky beast appears from thin air!
Reactivating autopickup.
The sky beast hits you. The sky beast shocks you.
The scorpion barely misses you.
You barely miss the scorpion. You hit the sky beast.
You feel sick.
The sky beast hits you but does no damage.
The scorpion stings you but does no damage.
You hit the sky beast. You closely miss the scorpion.
You feel sick.
You are no longer poisoned.
The scorpion closely misses you. The sky beast hits you.
The sky beast shocks you.
* * * LOW HITPOINT WARNING * * *
The scorpion stings you.
* * * LOW HITPOINT WARNING * * *
You block the sky beast's attack.
You feel very mighty all of a sudden.
The scorpion stings you but does no damage.
The sky beast flickers out of sight!
Deactivating autopickup; reactivate with Ctrl-A.
You block something's attack.
You barely miss the scorpion. You barely miss something.
The scorpion stings you but does no damage.
Something hits you but does no damage. The scorpion stings you.
* * * LOW HITPOINT WARNING * * *
You are poisoned.
The scorpion poisons you!
You closely miss the scorpion. You hit something but do no damage.
You feel very sick. Something hits you but does no damage.
The scorpion barely misses you.
You closely miss the scorpion. You barely miss something.
You feel very sick.
The scorpion stings you but does no damage.
Something hits you.
* * * LOW HITPOINT WARNING * * *
Something shocks you.
You die...

...<....# #.#### #.....#.#.#
.######## #.# ##........# .# #.#
#.#....### ## ###.# #......# #
##...# ###...## ##
#########....#### #...# .#
#...............######...#### ##
#......##...s##.............. #
#...........@{...............
#####......##...###..............
...........##...###.######...####
####.#####..........# #...#
####.# ######.##### #...# ..##.#
#.# #...# #.##.### #####.# #...#
.......# #.....# #...# .....#.#
#.##### #.###


You could see a scorpion.

Vanquished Creatures
  12 gnolls
  A dart slug (D:1)
  5 bats
  5 endoplasms
  2 giant cockroaches (D:1)
  5 goblins
  4 hobgoblins
  4 jackals (D:2)
  A quokka (D:1)
  2 ball pythons (D:2)
  A frilled lizard (D:1)
  6 kobolds
  7 rats
55 creatures vanquished.

Notes
Turn   | Place    | Note
-------+----------+-------------------------------------------
     0 | D:1      | ILmort the Hill Orc Fighter began the quest for the Orb.
     0 | D:1      | Reached XP level 1. HP: 19/19 MP: 1/1
    83 | D:1      | Found Yluwn's Assorted Antiques.
    90 | D:1      | Reached skill level 3 in Axes
    94 | D:1      | HP: 1/20 [poisoned by a kobold]
   416 | D:1      | Found Beilipp's Weapon Emporium.
   531 | D:1      | Reached XP level 2. HP: 27/27 MP: 2/2
   696 | D:1      | Found Bozxogas's Armour Shop.
   788 | D:1      | Reached XP level 3. HP: 32/33 MP: 3/3
   827 | D:1      | Found a faded altar of an unknown god.
  1150 | D:2      | Reached skill level 4 in Axes
  1234 | D:2      | Found an ancient bone altar of Kikubaaqudgha.
  1322 | D:2      | Reached XP level 4. HP: 35/40 MP: 4/4
  1579 | D:2      | Reached skill level 5 in Axes
  1616 | D:2      | Reached XP level 5. HP: 35/47 MP: 5/5
  1973 | D:3      | Noticed an ogre
  2007 | D:3      | Noticed a sky beast
  2019 | D:2      | Slain by a sky beast

Illustrated notes

Levels and vault maps discovered:
D:1:      ncdulo_watergridlock, layout_loops_ring,
          hellmonk_ecumenical_altar_lost_god, serial_shops, nicolae_shop_trees,
          shop, shop
D:2:      layout_loops_cross, basic_altar
D:3:      cheibrodos_old_hovel, layout_loops_cross,
          chequers_temple_overflow_statue_of_worship

Skill      XL: |  1  2  3  4 |
---------------+-------------+-----
Axes           | 3 4 5 |  5.5
Fighting       | 4 |  4.7
Armour         | 4 |  4.3
Shields        | |  3.2

Action                   |  1- 3 |  4- 6 || total
-------------------------+-------+-------++-------
Melee: War axe           |    91 |    88 ||   179
  Use: Potion            |       |     1 ||     1
Armor: Plate armour      |    68 |    52 ||   120
Dodge: Dodged            |    21 |    23 ||    44
Block: Buckler           |    15 |    20 ||    35
